 Dungeon Crawl Stone Soup version 0.30-b1-2-g02819fbbbe (webtiles) character file.

Game seed: 7734542075312254055

14794 Dirian the Severer (level 11, -4/104 HPs)
             Began as a Minotaur Berserker on May 14, 2023.
             Was a High Priest of Trog.
             Slain by a small abomination (13 damage)
             ... on level 1 of the Abyss.
             The game lasted 00:15:21 (9564 turns).

Dirian the Severer (Minotaur Berserker)             Turns: 9564, Time: 00:15:21

Health: -4/104     AC: 22    Str: 26    XL:     11   Next: 93%
Magic:  10/10      EV: 10    Int:  4    God:    Trog [*****.]
Gold:   1152       SH:  5    Dex: 10    Spells: 10/10 levels left

rFire   . . .        b - +0 broad axe (freeze)
rCold   + . .        (no shield)
rNeg    . . .        v - +0 chain mail
rPois   .            F - +2 hat
rElec   .            f - +0 cloak
rCorr   .            J - +2 pair of gloves
SInv    .            E - +2 pair of boots {Fly}
Will    .....        y - amulet of reflection Stlth
                     G - ring of flight
HPRegen 0.37/turn    q - ring of protection from cold
MPRegen 0.12/turn

%: random rage (3%), reflection
@: on berserk cooldown, flying, slowed, very slow
A: horns 2, retaliatory headbutt, [berserk 1], [deterioration 1]
a: Renounce Religion, Berserk, Trog's Hand, Brothers in Arms


You were on level 1 of the Abyss.
You worshipped Trog.
Trog was extremely pleased with you.
You visited 1 branch of the dungeon, and saw 10 of its levels.
You visited the Abyss 1 time.
You also visited: Bailey.

You collected 1152 gold pieces.

Inventory:

Hand Weapons
 a - a +0 vampiric war axe
 b - a +0 broad axe of freezing (weapon)
 D - a +1 scimitar of flaming
Armour
 f - a +0 cloak (worn)
 v - a +0 chain mail (worn)
 E - a +2 pair of boots of flying (worn)
 F - a +2 hat (worn)
 J - a +2 pair of gloves (worn)
Jewellery
 q - a ring of protection from cold (right hand)
 y - an amulet of reflection (around neck)
 G - a ring of flight (left hand)
Wands
 c - a wand of polymorph (11)
 d - a wand of iceblast (12)
 e - a wand of quicksilver (7)
 B - a wand of flame (21)
Scrolls
 l - 2 scrolls of fear
 o - 3 scrolls of fog
 r - a scroll of identify
 t - 3 scrolls of teleportation
 x - 2 scrolls of enchant armour
 I - a scroll of immolation
Potions
 g - 3 potions of magic
 h - 3 potions of haste
 i - 2 potions of ambrosia
 j - 2 potions of lignification
 k - 4 potions of attraction {unknown}
 m - 2 potions of invisibility
 n - a potion of resistance
 p - 2 potions of mutation {unknown}
 s - a potion of curing {unknown}
 u - 4 potions of flight
 w - 6 potions of heal wounds
Miscellaneous
 z - a phial of floods
 C - a phantom mirror


   Skills:
 + Level 12.2 Fighting
 - Level 16.2 Axes
 + Level 11.1 Armour
 + Level 2.7 Dodging
 - Level 5.0 Shields


You had 10 spell levels left.
You didn't know any spells.
Your spell library was empty.

Dungeon Overview and Level Annotations

Branches:
Dungeon (10/15) Zot: 26387  Temple (0/1) D:5            Lair (0/5) D:9
    Orc (0/2) D:9          Bailey (visited)

Altars:
Cheibriados
Fedhas
Qazlal
Ru
Sif Muna
Trog
Uskayaw
Wu Jian
Xom

Shops:
D:10 =

Annotations:
D:10 Sonja


Innate Abilities, Weirdness & Mutations

You have a pair of horns on your head.
You reflexively headbutt those who attack you in melee.
[You sometimes lose your temper in combat.]
[Your body sometimes deteriorates upon taking damage.]


Message History

You slam into the stone wall!
* * * LOW HITPOINT WARNING * * *
Tentacles burst from the starspawn's body! 2 starspawn tentacles come into view.
You slice the thrashing horror!! You freeze the thrashing horror.
You destroy the thrashing horror!
Trog accepts your kill.
You barely miss the wretched star.
The wretched star is lightly damaged.
You hit the starspawn tentacle. You freeze the starspawn tentacle.
You slash the tentacled starspawn! You freeze the tentacled starspawn.
You destroy the tentacled starspawn!
Trog accepts your kill.
The starspawn's tentacles wither and die.
You feel the corruption within you wane somewhat.
You feel robust. x2; You feel a little less angry.
Your Fighting skill increases to level 12!
Your Armour skill increases to level 11!
You slice the wretched star!! You freeze the wretched star.
The wretched star is heavily damaged.
The wretched star glows turbulently.
The lance of force misses you.
You barely miss the wretched star. You headbutt the wretched star!
The wretched star is heavily damaged.
The wretched star glows turbulently.
The lance of force hits you!
* * * LOW HITPOINT WARNING * * *
You are knocked back by the lance of force.
A ynoxinul comes into view.
You feel a strong urge to attack something.
You are no longer berserk.
You are exhausted.
You feel yourself slow down.
A small abomination comes into view. x2
The ynoxinul bellows!
The ynoxinul gestures.
The small abomination hits you.
* * * LOW HITPOINT WARNING * * *
The small abomination hits you!
You die...

#.#..#...# .
....# ###...
####...##....
#...#....###
.3#.#3.#.#..#
....5##.#..##
..# ##.##.#..#
##..#.#.#...#
.. # #
#..@.##.# .
.#.ยง.###x.#..#
..# ...# ##
....# .....
#..#..# #x. #..
#..


You could see a ynoxinul, a small abomination and an ufetubus (summoned).

Vanquished Creatures
  A tentacled starspawn (Abyss:1)
  Gastronok (D:9)
  A great orb of eyes (Abyss:1)
  Erica (D:10)
  A thrashing horror (Abyss:1)
  A wretched star (Abyss:1)
  Pikel (D:9)
  An orc knight (Bailey)
  A cyclops (D:9)
  An apocalypse crab (Abyss:1)
  Maggie (D:9)
  2 trolls (D:9)
  Prince Ribbit (D:9)
  A hornet (D:8)
  Eustachio (D:5)
  3 starcursed masses (Abyss:1)
  6 yaks
  A steam dragon (D:9)
  3 vampire mosquitoes (D:10)
  A neqoxec (Abyss:1)
  2 wargs (D:9)
  A large abomination (Abyss:1)
  A black bear (D:6)
  8 orc warriors
  4 wolves (D:9)
  An ogre (D:5)
  8 centaurs
  A phantom (D:5)
  A lemure (D:9)
  4 bullfrogs
  A small abomination (Abyss:1)
  2 kobold brigands
  3 gnoll sergeants
  4 scorpions
  5 wights (D:7)
  12 killer bees
  A howler monkey (D:6)
  3 electric eels (D:9)
  A quasit (Abyss:1)
  5 hounds
  2 gnoll boudas
  8 orc priests
  2 jellies
  3 iguanas
  5 orc wizards
  10 adders
  28 gnolls
  A shadow imp (D:6)
  2 white imps
  An ufetubus (D:6)
  A worm (D:4)
  2 dart slugs (D:2)
  38 orcs
  7 ball pythons
  4 bats
  7 endoplasms
  A giant cockroach (D:4)
  14 goblins
  13 hobgoblins
  3 quokkas (D:1)
  2 frilled lizards
  23 kobolds
  6 rats
  2 starspawn tentacles (Abyss:1)
283 creatures vanquished.

Vanquished Creatures (others)
  4 fungi (D:9)
  5 plants
  2 starspawn tentacles (Abyss:1)
11 creatures vanquished.

Grand Total: 294 creatures vanquished

Notes
Turn   | Place    | Note
-------+----------+-------------------------------------------
     0 | D:1      | Dirian the Minotaur Berserker began the quest for the Orb.
     0 | D:1      | Reached XP level 1. HP: 19/19 MP: 0/0
   140 | D:1      | Reached skill level 4 in Axes
   140 | D:1      | Reached XP level 2. HP: 26/27 MP: 1/1
   959 | D:2      | Reached ** piety under Trog
   960 | D:2      | Reached XP level 3. HP: 29/33 MP: 2/2
  1547 | D:3      | Reached skill level 5 in Axes
  1547 | D:3      | Reached XP level 4. HP: 41/41 MP: 3/3
  2040 | D:3      | Identified the +1 dagger "Ysaja" {flame, *Slow rCorr Str+7}
  2585 | D:4      | Noticed a scorpion
  2593 | D:4      | Killed a scorpion
  2594 | D:4      | Reached skill level 5 in Fighting
  2594 | D:4      | Reached XP level 5. HP: 38/48 MP: 4/4
  2701 | D:4      | Reached skill level 6 in Axes
  2884 | D:4      | Reached XP level 6. HP: 54/56 MP: 5/5
  3060 | D:4      | Found a stormy altar of Qazlal.
  3095 | D:4      | Found a shimmering blue altar of Sif Muna.
  3440 | D:5      | Entered Level 5 of the Dungeon
  3470 | D:5      | Reached skill level 7 in Axes
  3506 | D:5      | Found a bloodstained altar of Trog.
  3836 | D:5      | Found a staircase to the Ecumenical Temple.
  3838 | D:5      | Noticed Eustachio
  3854 | D:5      | Killed Eustachio
  3855 | D:5      | Reached XP level 7. HP: 63/63 MP: 6/6
  3946 | D:5      | Reached skill level 5 in Armour
  3948 | D:5      | Reached *** piety under Trog
  3954 | D:5      | Reached skill level 8 in Axes
  4042 | D:5      | Found a shimmering altar of Xom.
  4335 | D:6      | Reached skill level 1 in Shields
  4595 | D:6      | Reached XP level 8. HP: 64/71 MP: 7/7
  4750 | D:6      | Reached skill level 9 in Axes
  5148 | D:6      | Found a hide-covered altar of Uskayaw.
  5192 | D:6      | Found a snail-covered altar of Cheibriados.
  5454 | D:7      | Reached skill level 10 in Axes
  5683 | D:7      | Found a sacrificial altar of Ru.
  5783 | D:7      | Reached XP level 9. HP: 80/80 MP: 8/8
  6288 | D:8      | Reached **** piety under Trog
  6424 | D:8      | Reached skill level 11 in Axes
  6502 | D:8      | Found a flagged portal.
  6516 | Bailey   | Entered a bailey
  6523 | Bailey   | Noticed an orc knight
  6741 | Bailey   | Killed an orc knight
  6744 | Bailey   | Reached skill level 12 in Axes
  6941 | D:8      | Reached XP level 10. HP: 90/90 MP: 9/9
  7441 | D:8      | Reached skill level 5 in Shields
  7871 | D:9      | Noticed Pikel
  7882 | D:9      | Killed Pikel
  7883 | D:9      | Reached skill level 13 in Axes
  7928 | D:9      | Reached ***** piety under Trog
  7928 | D:9      | Noticed a cyclops
  7934 | D:9      | Found a staircase to the Orcish Mines.
  7946 | D:9      | Killed a cyclops
  7960 | D:9      | Noticed Prince Ribbit
  7970 | D:9      | Killed Prince Ribbit
  8091 | D:9      | Reached skill level 14 in Axes
  8114 | D:9      | Found a staircase to the Lair.
  8129 | D:9      | Reached skill level 10 in Fighting
  8333 | D:9      | Noticed Gastronok
  8355 | D:9      | Killed Gastronok
  8356 | D:9      | Reached XP level 11. HP: 68/101 MP: 10/10
  8740 | D:9      | Noticed Maggie
  8748 | D:9      | Killed Maggie
  8778 | D:10     | Entered Level 10 of the Dungeon
  8789 | D:10     | Reached skill level 15 in Axes
  8792 | D:10     | Reached skill level 10 in Armour
  8860 | D:10     | Identified the +8 dagger "Getisk" {flame, Str+3}
  8984 | D:10     | Found an ornate altar of the Wu Jian Council.
  9045 | D:10     | Found Viuxurr's Jewellery Shoppe.
  9125 | D:10     | Found a blossoming altar of Fedhas.
  9137 | D:10     | Noticed Erica
  9150 | D:10     | Killed Erica
  9395 | D:10     | Noticed Sonja
  9397 | Abyss:1  | Cast into level 1 of the Abyss (Sonja)
  9413 | Abyss:1  | Noticed a great orb of eyes
  9432 | Abyss:1  | Killed a great orb of eyes
  9466 | Abyss:1  | Noticed a wretched star
  9483 | Abyss:1  | Killed a wretched star
  9491 | Abyss:1  | Noticed a starcursed mass
  9511 | Abyss:1  | Killed a starcursed mass
  9512 | Abyss:1  | Reached skill level 16 in Axes
  9512 | Abyss:1  | Killed a starcursed mass
  9515 | Abyss:1  | Killed a starcursed mass
  9526 | Abyss:1  | Noticed a thrashing horror
  9546 | Abyss:1  | Noticed a tentacled starspawn
  9547 | Abyss:1  | Noticed a wretched star
  9555 | Abyss:1  | Killed a thrashing horror
  9557 | Abyss:1  | Killed a tentacled starspawn
  9564 | Abyss:1  | Slain by a small abomination

Illustrated notes

Levels and vault maps discovered:
D:1:      dpeg_arrival_lava_temple_mockup, layout_basic,
          nicolae_kite_square_tiling_tiny
D:2:      layout_basic
D:3:      wad_lake_hut, layout_basic, skrybe_limestone_x, minmay_pentangle
D:4:      layout_rooms, general_overflow_altar, mainiacjoe_overflow_alcove_1,
          due_unseen_surprise
D:5:      layout_loops_cross, kennysheep_little_box,
          mainiacjoe_overflow_alcove_4, minmay_temple_entry_gardened_gates,
          nicolae_concentric_dashed_squares_mild, uniq_eustachio
D:6:      layout_basic, mainiacjoe_overflow_24_doors, marbit_many_paths
D:7:      layout_basic, old_standard_altar
D:8:      layout_loops_corners, enter_bailey_5
D:9:      layout_irregular_city, erik_lair_island, erik_orc_4,
          water_boxes_lemuel, uniq_gastronok, uniq_prince_ribbit1, uniq_maggie,
          uniq_pikel
D:10:     layout_stronghold, old_standard_altar, nzn_wu_jian_council_hall,
          serial_shops, shop, uniq_erica, uniq_sonja
Abyss:1:  base: D:3, hangedman_abyss_shoalhut

Skill      XL: |  1  2  3  4  5  6  7  8  9 10 11 |
---------------+----------------------------------+-----
Axes           | 4 5 6 7 8 10 12 14 16 | 16.2
Fighting       | 4 5 6 7 8 10 12 | 12.2
Armour         | 3 4 5 7 8 9 11 | 11.1
Shields        | 1 2 4 5 |  5.0
Dodging        | |  2.7

Action                     |  1- 3 |  4- 6 |  7- 9 | 10-12 || total
---------------------------+-------+-------+-------+-------++-------
  Melee: Hand axe          |    73 |   142 |    20 |       ||   235
         Headbutt          |     3 |    26 |    37 |    66 ||   132
         War axe           |       |       |   206 |   178 ||   384
         Punch             |       |       |     2 |     3 ||     5
         Broad axe         |       |       |       |    95 ||    95
 Invoke: Trog's Hand       |       |     1 |     1 |     3 ||     5
         Berserk           |       |       |     3 |     2 ||     5
    Use: Scroll            |       |    11 |     5 |     3 ||    19
 Armour: Animal skin       |     5 |       |       |       ||     5
         Scale mail        |     2 |    59 |    40 |       ||   101
         Skin              |       |     2 |       |       ||     2
         Chain mail        |       |       |    62 |   139 ||   201
  Dodge: Dodged            |    52 |    77 |   115 |   104 ||   348
  Block: Other             |       |     7 |    70 |    64 ||   141
         Reflection        |       |       |    23 |     3 ||    26
